 Seeded DCSS version 0.30.1-4-g462c640d31 (webtiles) character file.

Game seed: 6351066067085065685 (custom seed)

19 Esekla the Magician (level 2, -1/15 HPs)
             Began as a Deep Elf Wanderer on Sept 8, 2023.
             Was an Initiate of Vehumet.
             Frozen to death by an endoplasm (5 damage)
             ... on level 1 of the Dungeon.
             The game lasted 00:09:41 (1220 turns).

Esekla the Magician (Deep Elf Wanderer)             Turns: 1220, Time: 00:09:41

Health: -1/15      AC:  4    Str: 11    XL:     2   Next: 55%
Magic:  10/10      EV: 10    Int: 17    God:    Vehumet [......]
Gold:   152        SH:  3    Dex: 11    Spells: 9/11 levels left

rFire   . . .        a - +1 short sword (freeze)
rCold   . . .        d - +0 buckler
rNeg    . . .        c - +0 robe
rPois   .            k - +0 helmet
rElec   .            (no cloak)
rCorr   .            j - +0 pair of gloves
SInv    .            (no boots)
Will    .....        (no amulet)
Stlth   ++           (no ring)
HPRegen 0.22/turn    (no ring)
MPRegen 0.12/turn

%: no passive effects
@: no status effects
A: no striking features
a: Renounce Religion


You were on level 1 of the Dungeon.
You worshipped Vehumet.
Vehumet was noncommittal.
You visited 1 branch of the dungeon, and saw 4 of its levels.

You collected 152 gold pieces.

Inventory:

Hand Weapons
 a - a +1 short sword of freezing (weapon)
 s - the +5 rapier of the Hero {heavy, rN+ Dex+3}
   (You found it on level 3 of the Dungeon)

   Dex:       It affects your dexterity (+3).
   rN:        It protects you from negative energy.
Armour
 c - a +0 robe (worn)
 d - a +0 buckler (worn)
 j - a +0 pair of gloves (worn)
 k - a +0 helmet (worn)
Wands
 q - a wand of roots (9)
Scrolls
 g - a scroll of identify {unknown}
 m - 2 scrolls of enchant weapon {unknown}
 n - a scroll of amnesia {unknown}
 o - a scroll of enchant armour {unknown}
 p - a scroll of immolation {unknown}
Potions
 b - a potion of lignification
 e - a potion of ambrosia {unknown}
 f - 2 potions of attraction {unknown}
 h - a potion of heal wounds {unknown}
 i - 2 potions of curing {unknown}
 l - a potion of mutation {unknown}
 r - a potion of haste {unknown}


   Skills:
 + Level 1.4 Stealth
 + Level 1.5 Shields
 * Level 5.1 Spellcasting
 + Level 0.4 Conjurations
 * Level 1.1 Necromancy
 + Level 2.2 Translocations
 + Level 1.0 Invocations


You had 9 spell levels left.
You knew the following spells:

 Your Spells              Type           Power      Damage    Failure   Level
a - Magic Dart            Conj           20%        1d4       17%         1
p - Apportation           Tloc           24%        N/A       9%          1

Your spell library contained the following spells:

 Spells                   Type           Power      Damage    Failure   Level
 Blink                    Tloc           24%        N/A       12%         2
 Lesser Beckoning         Tloc           24%        N/A       12%         2
 Vampiric Draining        Necr           8%         2d6       36%         3
 Ignite Poison            Fire/Tmut/Pois 4%         N/A       52%         3


Dungeon Overview and Level Annotations

Branches:
Dungeon (4/15)
 Temple: D:4-7

Altars:
Okawaru
Vehumet
Zin

Shops:
D:4 (


Message History

You are frozen.
You hit the endoplasm but do no damage.
The endoplasm is moderately wounded.
The endoplasm hits you.
You hit the endoplasm. You freeze the endoplasm.
The endoplasm is almost dead.
The endoplasm barely misses you.
You hit the endoplasm. You freeze the endoplasm.
You kill the endoplasm!
Vehumet accepts your kill.
Your Spellcasting skill increases to level 5!
You barely miss the kobold. The kobold hits you but does no damage.
You barely miss the kobold. The kobold barely misses you.
You hit the kobold. You freeze the kobold.
The kobold is severely wounded.
The kobold hits you with a +0 short sword. x2
You hit the kobold. You freeze the kobold.
You kill the kobold!
Vehumet accepts your kill.
You barely miss the ball python. You block the ball python's attack.
The ball python grabs you. The ball python constricts you.
You hit the ball python. You freeze the ball python.
You kill the ball python!
Vehumet accepts your kill.
You closely miss the frilled lizard. The frilled lizard barely misses you.
You hit the frilled lizard.
The frilled lizard seems to slow down.
You freeze the frilled lizard.
You kill the frilled lizard!
Vehumet accepts your kill.
The ball python hisses angrily.
You hit the endoplasm. You freeze the endoplasm.
The endoplasm is moderately wounded.
The endoplasm freezes you.
You are frozen.
* * * LOW HITPOINT WARNING * * *
You hit the endoplasm. You freeze the endoplasm.
The endoplasm is severely wounded.
The endoplasm freezes you.
You are frozen.
You die...

# .#.....#.#
### #.
...#....##
#..#.....#..##
#.............
#....>........
#....#........
#..$.#........
#....#J#......
....###@##...>#
$.... #?# ###.#
..l. #.# # ....
#.# #.# #.# ...
#..


You could see an endoplasm.

Vanquished Creatures
  2 endoplasms
  4 goblins
  2 hobgoblins (D:3)
  3 ball pythons
  2 bats (D:3)
  2 frilled lizards
  4 kobolds
19 creatures vanquished.

Notes
Turn   | Place    | Note
-------+----------+-------------------------------------------
     0 | D:1      | Esekla the Deep Elf Wanderer began the quest for the Orb.
     0 | D:1      | Esekla set off with the following items: a +0 club, a
                  | potion of lignification, a +0 robe, a +0 buckler; and the
                  | following spells available to memorise: Apportation, Blink,
                  | Lesser Beckoning, Magic Dart, Ignite Poison, Vampiric
                  | Draining.
     0 | D:1      | Reached XP level 1. HP: 10/10 MP: 7/7
     2 | D:1      | Learned a level 1 spell: Magic Dart
     4 | D:1      | Learned a level 1 spell: Apportation
   234 | D:2      | You fall into a shaft and drop 2 floors!
   304 | D:4      | Found a radiant altar of Vehumet.
   315 | D:4      | Found an iron altar of Okawaru.
   325 | D:4      | Found a glowing silver altar of Zin.
   404 | D:4      | Became a worshipper of Vehumet
   625 | D:4      | Found Ponaysk's Antique Weapon Boutique.
   754 | D:3      | Reached skill level 1 in Necromancy
   754 | D:3      | Reached XP level 2. HP: 15/15 MP: 7/9
  1087 | D:3      | Identified the +5 rapier of the Hero {heavy, rN+ Dex+3}
  1211 | D:1      | Reached skill level 5 in Spellcasting
  1220 | D:1      | Frozen to death by an endoplasm

Illustrated notes

Levels and vault maps discovered:
D:1:      sevenhm_arrival_forest_fort_small_3, layout_rooms,
          chequers_serial_rivers_room_b, minmay_misc_feat_five
D:2:      layout_loops_ring, dreamdust_ecumenical_altar_angels_and_demons,
          serial_shops, shop
D:3:      layout_basic, grunt_temple_overflow_open, minmay_misc_feat_iff
D:4:      layout_basic, nicolae_overflow_quartered_altars, serial_shops,
          nicolae_diamond_shop

Skill      XL: |  1  2 |
---------------+-------+-----
Necromancy     | 1 |  1.1
Spellcasting   | 5 |  5.1
Stealth        | |  1.4
Shields        | |  1.5
Conjurations   | |  0.4
Translocations | |  2.2
Invocations    | |  1.0

Action                     || total
---------------------------++-------
  Melee: Short sword       ||    30
   Cast: Apportation       ||    22
         Magic Dart        ||    16
    Use: Scroll            ||     1
   Stab: Sleeping          ||     2
 Armour: Robe              ||    17
  Dodge: Dodged            ||    20
  Block: Buckler           ||     5
